 Dungeon Crawl Stone Soup version 0.28-a0-697-g47f3eba078 (webtiles) character file.

Game seed: 10248538960399597962

16 ytrimaz the Covered (level 2, 24/24 HPs)
             Began as a Formicid Fighter on Oct 24, 2021.
             Quit the game on level 1 of the Dungeon.
             The game lasted 00:01:25 (644 turns).

ytrimaz the Covered (Formicid Fighter)               Turns: 644, Time: 00:01:26

Health: 24/24      AC:  8    Str: 20    XL:     2   Next: 70%
Magic:  2/2        EV:  9    Int:  7    God:
Gold:   29         SH:  4    Dex: 10    Spells: 1/1 levels left

rFire   . . .      SeeInvis +   a - +0 war axe
rCold   . . .      Faith    .   c - +0 buckler
rNeg    . . .      Spirit   .   b - +0 scale mail
rPois   .          Reflect  .   (helmet unavailable)
rElec   .          Harm     .   (no cloak)
rCorr   .          Rampage  .   f - +0 pair of gloves
Will    .....                   (no boots)
Stlth   ..........              (no amulet)
HPRegen 0.08/turn               (no ring)
MPRegen 0.08/turn               (no ring)

@: no status effects
A: permanent stasis, dig shafts and tunnels, antennae 3, four strong arms
a: Dig, Shaft Self


You were on level 1 of the Dungeon.
You visited 1 branch of the dungeon, and saw 1 of its levels.

You collected 29 gold pieces.

Inventory:

Hand Weapons
 a - a +0 war axe (weapon)
Armour
 b - a +0 scale mail (worn)
 c - a +0 buckler (worn)
 f - a +0 pair of gloves (worn)
Potions
 d - a potion of might
 e - a potion of attraction {unknown}


   Skills:
 + Level 3.6 Fighting
 + Level 2.2 Axes
 + Level 3.7 Armour
 - Level 3.6 Shields


You had one spell level left.
You didn't know any spells.
Your spell library was empty.

Dungeon Overview and Level Annotations

Branches:
Dungeon (1/15)

Altars:


Innate Abilities, Weirdness & Mutations

You cannot be hasted, slowed, berserked, paralysed or teleported.
You can dig through walls and to a lower floor.
You have a pair of large antennae on your head. (SInv)
Your four strong arms can wield two-handed weapons with a shield.


Message History

Found a stone staircase leading down.
A bat comes into view.
The bat moves out of view.
A kobold comes into view. It is wielding a +0 short sword.
The kobold shouts!
The bat hits you but does no damage.
There are monsters nearby!
There are monsters nearby!
You hit the bat but do no damage. The bat hits you but does no damage.
The bat hits you but does no damage. The bat completely misses you.
The kobold throws a stone.
The stone hits you but does no damage. The bat closely misses you.
The kobold hits you but does no damage. The bat barely misses you.
You block the kobold's attack. You block the kobold's attack.
The bat hits you but does no damage.
You closely miss the kobold. You completely miss the bat.
You block the bat's attack. The kobold barely misses you.
You barely miss the kobold. The bat barely misses you.
The kobold hits you but does no damage. x2
You closely miss the kobold. The bat hits you but does no damage.
The kobold hits you but does no damage.
You hit the kobold.
You kill the kobold!
The bat barely misses you. You block the bat's attack.
Things that are here:
a +0 short sword; a stone The bat hits you but does no damage.
The bat barely misses you. You block the bat's attack.
The bat barely misses you. The bat hits you but does no damage.
The bat hits you but does no damage. The bat barely misses you.
The bat hits you but does no damage.
You closely miss the bat. The bat closely misses you.
You miss the bat. The bat hits you but does no damage.
The bat hits you but does no damage.
You completely miss the bat. The bat hits you but does no damage.
The bat closely misses you.
Are you sure you want to abandon this character and quit the game? (Confirm with "yes".)

########..†....#...............#
..######.......................#
..............##+#.............#
.............[....##############
.....................#
.#####+#......(......#
...........#..b......#########
........................)....#
................@............#
.............................#
........#...#....#############
.#####.##............#
....##.).............#
....####.............# ....#
#.............#
....####.............#
.....................#


You could see a bat.

Vanquished Creatures
  A bat (D:1)
  3 endoplasms (D:1)
  4 goblins (D:1)
  A kobold (D:1)
  A quokka (D:1)
  2 frilled lizards (D:1)
  A rat (D:1)
13 creatures vanquished.

Notes
Turn   | Place    | Note
-------+----------+-------------------------------------------
     0 | D:1      | ytrimaz the Formicid Fighter began the quest for the Orb.
     0 | D:1      | Reached XP level 1. HP: 18/18 MP: 1/1
   294 | D:1      | Reached XP level 2. HP: 24/24 MP: 2/2
   644 | D:1      | Quit the game

Illustrated notes

Levels and vault maps discovered:
D:1:      eino_arrival_water_star, layout_basic

Action                   || total
-------------------------++-------
Melee: War axe           ||    52
 Abil: Dig               ||     1
Armor: Scale mail        ||    40
Dodge: Dodged            ||    28
Block: Buckler           ||    14

Table legend: (Time is in decaauts)
 A = Elapsed time spent in this place.
 B = Non-inter-level travel time spent in this place.
 C = Inter-level travel time spent in this place.
 D = Time resting spent in this place.
 E = Time spent auto-exploring this place.
 F = Levels seen in this place.
 G = Mean time per level.
                   A        B        C        D        E       F      G
               +--------+--------+--------+--------+--------+-----+--------+
         Total |    665 |    665 |      0 |      0 |    497 |   1 |  665.0 |
       Dungeon |    665 |    665 |      0 |      0 |    497 |   1 |  665.0 |
               +--------+--------+--------+--------+--------+-----+--------+

Top non-repeatable levels by time:
     D:1: 665 daAuts
